 Dungeon Crawl Stone Soup version 0.14-a0-2359-g1e808ab (webtiles) character file.

262 Kae the Firebug (level 4, -12/24 HPs)
             Began as a Tengu Fire Elementalist on Jan 31, 2014.
             Killed from afar by an orc wizard (13 damage)
             ... with a puff of frost
             ... on Level 3 of the Dungeon.
             The game lasted 00:05:07 (2700 turns).

Kae the Firebug (Tengu Fire Elementalist)           Turns: 2700, Time: 00:05:08

HP -12/24        AC  4     Str  8      XL: 4   Next: 97%
MP   0/9         EV 11     Int 19      God:
Gold 148         SH  0     Dex 14      Spells:  3 memorised,  2 levels left

rFire  . . .     SeeInvis .     (no weapon)
rCold  . . .     Clarity  .     a - +0 robe
rNeg   . . .     Conserve .     (no shield)
rPois  .         rCorr    .     (helmet restricted)
rElec  .         rRot     .     w - +0 elf cloak
SustAb . .       Spirit   .     k - +0 pair of gloves
rMut   .         Warding  .     (boots unavailable)
Saprov . . .     Stasis   .     (no amulet)
MR     .....                    (no ring)
                                (no ring)

@: very slightly contaminated, heavily drained, not resistant to hostile
enchantments, fairly stealthy
A: beak, talons 3, clever 1, slow metabolism 1
a: no special abilities


You were on level 3 of the Dungeon.
You were not hungry.

You visited 1 branch of the dungeon, and saw 3 of its levels.

You collected 148 gold pieces.

Inventory:

Missiles
 j - 2 darts (quivered)
Armour
 a - a +0 robe (worn)
 k - a +0 pair of gloves (worn)
 w - a +0 elven cloak (worn)
Comestibles
 c - 3 bread rations
 f - 4 chunks of orc flesh
 h - 3 rotting chunks of orc flesh
 r - an apple
 t - 12 strawberries
 u - 2 meat rations
Scrolls
 d - 4 scrolls of identify {unknown}
 e - a scroll of magic mapping {unknown}
 g - a scroll of recharging {unknown}
 l - a scroll of remove curse {unknown}
 n - a scroll of fog {unknown}
 o - a scroll of noise {unknown}
 s - 2 scrolls of enchant weapon II {unknown}
Potions
 q - a potion of agility
Books
 b - a book of Flames

   Spells                             Type                      Level
   *Flame Tongue                      Conjuration/Fire             1
   *Throw Flame                       Conjuration/Fire             2
   *Conjure Flame                     Conjuration/Fire             3
   Inner Flame                        Hexes/Fire                   3
   Sticky Flame                       Conjuration/Fire             4
   Fireball                           Conjuration/Fire             5


   Skills:
 - Level 2.1(0.2) Dodging
 - Level 2.0(0.1) Stealth
 + Level 2.9(1.0) Spellcasting
 * Level 3.6(1.6) Conjurations
 * Level 4.5(2.5) Fire Magic


You had 2 spell levels left.
You knew the following spells:

 Your Spells              Type           Power        Failure   Level  Hunger
a - Flame Tongue          Conj/Fire      #....        10%         1    ##.....
b - Throw Flame           Conj/Fire      #.....       14%         2    ###....
c - Conjure Flame         Conj/Fire      #.......     28%         3    ####...


Dungeon Overview and Level Annotations

Branches:
Dungeon (3/16)

Altars:

Annotations:
D:2 Sigmund


Innate Abilities, Weirdness & Mutations

You have a beak for a mouth.
You have claws for feet.
Your mind is acute. (Int +2)
You have a slow metabolism.


Message History

Casting: Flame Tongue
Confirm with . or Enter, or press ? or * to list all spells.
Aiming: Flame Tongue
Press: ? - help, Shift-Dir - straight line, f/p - orc
Aim: an orc, wielding an orcish mace and wearing an orcish scale mail (heavily wounded)
The flame hits the orc wizard.
The orc wizard is severely wounded.
The orc wizard hits you but does no damage.
The smell of rotting flesh makes you sick. (slot h) Drink which item? (? for menu, Esc to quit)
You feel extremely strange.
You feel clever.
Your metabolism slows.
It was a potion of mutation.
The orc wizard casts a spell at you. The puff of frost hits you!
* * * LOW HITPOINT WARNING * * *
The orc wizard gestures at you while chanting.
The puff of frost hits you!
Ouch! That really hurt!
You die...

#...#######.#
#.......# #.#
#######)# #.#
#%###.### #.#.....#
#########%#.#.#.#
..............#.#
###########.#.#.#.#
....$.oo@...#...#.#
#################.#
.# ##


You could see an orc wizard and an orc.

Vanquished Creatures
  An orc wizard (D:3)
  2 adders
  A giant gecko (D:1)
  An ooze (D:2)
  3 orcs (D:3)
  7 bats
  3 giant cockroaches
  13 hobgoblins
  2 jackals (D:2)
  A quokka (D:2)
  2 ball pythons (D:2)
  2 giant newts
  8 goblins
  12 kobolds
  5 rats
63 creatures vanquished.

Notes
Turn   | Place    | Note
--------------------------------------------------------------
     0 | D:1      | Kae, the Tengu Fire Elementalist, began the quest for the Orb.
     0 | D:1      | Reached XP level 1. HP: 10/10 MP: 3/3
   579 | D:1      | Reached XP level 2. HP: 13/15 MP: 0/5
  1132 | D:1      | Reached XP level 3. HP: 19/19 MP: 7/7
  1260 | D:1      | Reached skill level 4 in Fire Magic
  1643 | D:2      | Reached XP level 4. HP: 24/24 MP: 7/9
  1942 | D:2      | Noticed Sigmund
  2013 | D:1      | Learned a level 2 spell: Throw Flame
  2021 | D:1      | Learned a level 3 spell: Conjure Flame
  2477 | D:3      | Paralysed by a potion of paralysis for 6 turns
  2700 | D:3      | Gained mutation: Your mind is acute. (Int +2) [potion of mutation]
  2700 | D:3      | Gained mutation: You have a slow metabolism. [potion of mutation]
  2700 | D:3      | HP: 1/24 [orc wizard/puff of frost (8)]
  2700 | D:3      | Killed from afar by an orc wizard

Action                   |  1- 3 |  4- 6 || total
-------------------------+-------+-------++-------
Melee: Unarmed           |    29 |    10 ||    39
 Cast: Flame Tongue      |    54 |    69 ||   123
  Use: Potion            |       |     9 ||     9
